 Dungeon Crawl Stone Soup version 0.31-a0-1068-g5939ac1fb6 (webtiles) character file.

Game seed: 5806284455234847226

354 ruffles the Ducker (level 6, -14/28 HPs)
             Began as a Felid Berserker on Nov 24, 2023.
             Was a Believer of Trog.
             Demolished by a sleepcap (20 damage)
             ... on level 7 of the Dungeon.
             The game lasted 00:25:21 (1785 turns).

ruffles the Ducker (Felid Berserker)                Turns: 1785, Time: 00:25:22

Health: -14/28     AC:  2    Str: 13    XL:     6   Next: 35%
Magic:  7/7        EV:  4    Int:  9    God:    Trog [**....]
Gold:   203        SH:  0    Dex: 17    Spells: 5/5 levels left
                                        Lives:  0   Deaths: 2

rFire   . .          .
                       - Unarmed
rCold   . . .        (shield unavailable)
rNeg    . . .        (body armour unavailable)
rPois   .            (helmet unavailable)
rElec   .            (cloak unavailable)
rCorr   .            (gloves unavailable)
SInv    +            (boots unavailable)
Will    .....        (no amulet)
Stlth   +++          (no ring)
HPRegen 1.04/turn    (no ring)
MPRegen 0.10/turn

%: no passive effects
@: sleeping, attractive, quick
A: very small, claws 1, fangs 3, see invisible, speed 1, shaggy fur 2, stealthy
paws, no weapons or thrown items, no armour, multi-lived, regeneration 1
a: Renounce Religion, Berserk, Trog's Hand


You were on level 7 of the Dungeon.
You worshipped Trog.
Trog was pleased with you.
You visited 1 branch of the dungeon, and saw 7 of its levels.

You collected 203 gold pieces.

Inventory:

Armour
 c - an orb of light
Scrolls
 d - 2 scrolls of identify {unknown}
 h - a scroll of immolation {unknown}
 i - 2 scrolls of enchant weapon {unknown}
 j - a scroll of amnesia {unknown}
 k - a scroll of noise {unknown}
 l - a scroll of vulnerability {unknown}
Potions
 a - a potion of haste {unknown}
 b - a potion of might
 e - a potion of lignification {unknown}
 f - a potion of cancellation
 g - a potion of mutation


   Skills:
 + Level 4.0 Fighting
 + Level 5.6 Dodging
 + Level 3.7 Stealth
 + Level 5.2 Unarmed Combat


You had 5 spell levels left.
You didn't know any spells.
Your spell library contained the following spells:

 Spells                   Type           Power      Damage    Failure   Level
 Static Discharge         Conj/Air       0%         3-3/arc   52%         2
 Airstrike                Air            0%         2d(0-16)  99%         4
 Summon Lightning Spire   Summ/Air       0%         N/A       99%         4


Dungeon Overview and Level Annotations

Branches:
Dungeon (7/15)
 Temple: D:4-7

Altars:
Sif Muna

Shops:
D:1 (!?   D:6 :([[?


Innate Abilities, Weirdness & Mutations

You have sharp claws.
You have razor-sharp teeth.
You have supernaturally acute eyesight. (SInv)
You cover ground quickly. (Speed+)
You are covered in thick fur. (AC +2)
Your paws help you pounce on unaware monsters.
You are incapable of wielding weapons or throwing items.
You cannot wear armour.
You gain extra lives every three experience levels.
Your natural rate of healing is unusually fast.


Message History

You see here 13 gold pieces.
You now have 203 gold pieces (gained 13).
The sleepcap releases spores at you.
You scratch the sleepcap but do no damage.
The sleepcap misses you.
You claw the sleepcap!
The sleepcap is moderately damaged.
The sleepcap misses you.
You scratch the sleepcap. You bite the sleepcap.
The sleepcap is heavily damaged.
The sleepcap misses you.
You scratch the sleepcap but do no damage.
The sleepcap is heavily damaged.
The sleepcap misses you.
You scratch the sleepcap but do no damage.
The sleepcap is heavily damaged.
You scratch the sleepcap but do no damage.
You claw the sleepcap.
The sleepcap is severely damaged.
The sleepcap releases spores at you.
You are engulfed in a cloud of soporific spores!
You fall asleep.
The sleepcap releases spores at you!!
You wake up.
Ouch! That really hurt!
* * * LOW HITPOINT WARNING * * *
It was a potion of attraction.
You feel attractive to monsters. The sleepcap closely misses you.
The sleepcap attacks as it pursues you! The sleepcap closely misses you.
The sleepcap is attracted toward you. The sleepcap attacks as it pursues you!
The sleepcap completely misses you. The sleepcap attacks as it pursues you!
The sleepcap misses you. The sleepcap is attracted toward you.
The sleepcap attacks as it pursues you! The sleepcap releases spores at you!
* * * LOW HITPOINT WARNING * * *
You are engulfed in a cloud of soporific spores!
You fall asleep.
The sleepcap releases spores at you!!
Ouch! That really hurt!
You die...

.....#.....#.#..# ##....).)...
#.##....#...#..# ##......)....
#.......#..#...####............
#.....#....#....##........<....
#.........#....................
#...##....#....................
#.........ยง..............[.....
#.##...##............#.........
#....##......f@.....##.........
#..##..............####........
##................# #........
..................# ##.......
...#####........[..# #...... .
###.........# ##........#
####.....# ###..#


You could see a sleepcap.

Vanquished Creatures
  An ogre (D:5)
  A gnoll bouda (D:7)
  2 hounds
  A jelly (D:4)
  A sleepcap (D:6)
  2 iguanas
  3 gnolls (D:7)
  2 adders (D:2)
  2 dart slugs
  An orc (D:5)
  An endoplasm (D:1)
  A giant cockroach (D:1)
  3 goblins
  2 hobgoblins
  2 quokkas (D:1)
  3 bats
  A frilled lizard (D:2)
  2 kobolds
  2 rats
33 creatures vanquished.

Notes
Turn   | Place    | Note
-------+----------+-------------------------------------------
     0 | D:1      | ruffles the Felid Berserker began the quest for the Orb.
     0 | D:1      | Reached XP level 1. HP: 10/10 MP: 2/2
    17 | D:1      | Found Cykugiuf's Magic Scroll Boutique.
    59 | D:1      | Found Befajaqa's Distillery.
   119 | D:1      | Found Qexuda's Antique Weapon Emporium.
   344 | D:1      | Reached XP level 2. HP: 12/14 MP: 3/3
   436 | D:2      | Reached XP level 3. HP: 12/17 MP: 4/4
   612 | D:3      | Noticed an ice beast
   620 | D:3      | Slain by an ice beast
   846 | D:4      | Reached skill level 1 in Stealth
   920 | D:4      | Reached skill level 5 in Dodging
   920 | D:4      | Reached XP level 4. HP: 18/22 MP: 5/5
  1036 | D:4      | Noticed a scorpion
  1063 | D:5      | Entered Level 5 of the Dungeon
  1193 | D:5      | Mangled by an iguana
  1194 | D:5      | Found a shimmering blue altar of Sif Muna.
  1208 | D:5      | Noticed an ogre
  1294 | D:5      | Gained mutation: Your natural rate of healing is unusually
                  | fast. [potion of mutation]
  1300 | D:5      | Killed an ogre
  1301 | D:5      | Reached XP level 5. HP: 25/25 MP: 6/6
  1467 | D:6      | Found Qungix's Armour Shop.
  1473 | D:6      | Found Kauphyo Wuac's Magic Scroll Boutique.
  1474 | D:6      | Found Locishrue's Weapon Boutique.
  1474 | D:6      | Found Sifakegu's Armour Shop.
  1573 | D:6      | Found Cusei's Book Boutique.
  1590 | D:6      | Gained mutation: You are covered in thick fur. (AC +2)
                  | [Felid growth]
  1590 | D:6      | Reached XP level 6. HP: 28/28 MP: 7/7
  1626 | D:6      | Reached skill level 5 in Unarmed Combat
  1720 | D:7      | Reached ** piety under Trog
  1785 | D:7      | Demolished by a sleepcap

Illustrated notes

Levels and vault maps discovered:
D:1:      psy_arrival_spokes, layout_loops_ring, serial_shops, shop, shop,
          nicolae_shop_real_fake_doors, shop, shop, st_stairs_4,
          hangedman_abyss_or_decor_lesser_grid, minivault_25
D:2:      layout_basic, minmay_stone_trees_small,
          minmay_fractal_squares_gapless_5
D:3:      layout_basic, ebering_ecumenical_altar_hall
D:4:      layout_loops_ring, nicolae_gozag_seed_capital
D:5:      layout_basic, nicolae_sif_muna_little_library
D:6:      layout_basic, serial_shops, shop, nicolae_shop_national_dungeon_mall
D:7:      layout_cave_pods, minmay_temple_entry_stoned_glass,
          hangedman_decor_peaks_small, minmay_misc_feat_enclosed,
          minmay_hedge_maze, minmay_crystal_water

Skill      XL: |  1  2  3  4  5  6 |
---------------+-------------------+-----
Stealth        | 1 3 |  3.7
Dodging        | 5 |  5.6
Unarmed Combat | 4 5 |  5.2
Fighting       | 4 |  4.0

Action                     |  1- 3 |  4- 6 || total
---------------------------+-------+-------++-------
  Melee: Unarmed           |    54 |    88 ||   142
         Punch             |     2 |     2 ||     4
         Bite              |     2 |    12 ||    14
    Use: Potion            |       |     7 ||     7
   Stab: Sleeping          |     6 |     1 ||     7
 Armour: Skin              |     8 |    24 ||    32
  Dodge: Dodged            |    35 |    91 ||   126

Table legend: (Time is in decaauts)
 A = Elapsed time spent in this place.
 B = Non-inter-level travel time spent in this place.
 C = Inter-level travel time spent in this place.
 D = Time resting spent in this place.
 E = Time spent auto-exploring this place.
 F = Levels seen in this place.
 G = Mean time per level.
                   A        B        C        D        E       F      G
               +--------+--------+--------+--------+--------+-----+--------+
         Total |   1460 |    469 |    991 |      0 |      0 |   7 |  208.6 |
       Dungeon |   1460 |    469 |    991 |      0 |      0 |   7 |  208.6 |
               +--------+--------+--------+--------+--------+-----+--------+

Top non-repeatable levels by time:
     D:1: 325 daAuts
     D:5: 322 daAuts
     D:4: 216 daAuts
     D:6: 191 daAuts
     D:3: 178 daAuts
     D:2: 147 daAuts
     D:7: 79 daAuts
